 Dungeon Crawl Stone Soup version 0.20-a0-1062-g7b787ac (webtiles) character file.

132 JeffiDaFish the Stinger (level 5, -1/29 HPs)
             Began as a Gargoyle Venom Mage on Apr 27, 2017.
             Killed from afar by Sigmund (6 damage)
             ... with a magic dart
             ... on level 3 of the Dungeon.
             The game lasted 00:09:34 (2169 turns).

JeffiDaFish the Stinger (Gargoyle Venom Mage)       Turns: 2169, Time: 00:09:34

Health: -1/29      AC: 10    Str: 11      XL:     5   Next: 15%
Magic:  9/9        EV: 11    Int: 16      God:
Gold:   84         SH:  0    Dex: 10 (11) Spells: 3/9 levels left

rFire    . . .     SeeInvis .   l - +4 whip
rCold    . . .     Gourm    .   (no shield)
rNeg     + + .     Faith    .   j - +0 leather armour
rPois    ∞         Spirit   .   (no helmet)
rElec    +         Reflect  .   f - +0 cloak
rCorr    .         Harm     .   (no gloves)
MR       .....                  g - +0 pair of boots
Stlth    ++........             (no amulet)
Regen    0.1/turn               e - ring of positive energy
MPRegen  0.2/turn               (no ring)

@: flying, very slightly contaminated, invisible
A: big wings, negative energy resistance 1, shaggy fur 1, electricity
resistance, unbreathing, petrification resistance, rot immunity, AC +4
a: Stop Flying


You were on level 3 of the Dungeon.
You were not hungry.

You visited 1 branch of the dungeon, and saw 3 of its levels.

You collected 84 gold pieces.

Inventory:

Hand Weapons
 l - a +4 whip (weapon)
Armour
 f - a +0 cloak (worn)
 g - a +0 pair of boots (worn)
 j - a +0 leather armour (worn)
Jewellery
 e - a ring of positive energy (left hand)
Potions
 i - a potion of invisibility
Books
 b - a Young Poisoner's Handbook

   Spells                             Type                      Level
   a - Sting                          Conjuration/Poison           1
   b - Poisonous Vapours              Poison/Air                   2
   c - Mephitic Cloud                 Conjuration/Poison/Air       3
   d - Olgreb's Toxic Radiance        Poison                       4
   e - Venom Bolt                     Conjuration/Poison           5
Comestibles
 a - 12 chunks of flesh
 c - 3 bread rations
 d - 2 royal jellies
 h - 2 meat rations
 k - 3 fruits


   Skills:
 + Level 1.0 Fighting
 + Level 0.2 Maces & Flails
   Level 0.3 Polearms
 + Level 0.7 Armour
 - Level 1.7 Dodging
 - Level 2.3 Stealth
 * Level 2.9 Spellcasting
 * Level 2.1 Conjurations
 + Level 0.7 Air Magic
 + Level 3.9 Poison Magic


You had 3 spell levels left.
You knew the following spells:

 Your Spells              Type           Power        Failure   Level  Hunger
a - Sting                 Conj/Pois      ##..         7%          1    #......
b - Poisonous Vapours     Pois/Air       #.....       14%         2    ##.....
c - Mephitic Cloud        Conj/Pois/Air  #.......     28%         3    ###....


Dungeon Overview and Level Annotations

Branches:
Dungeon (3/15)

Altars:

Annotations:
D:3 Grinder; JeffiDaFish's ghost, amateur GrVM; Sigmund


Innate Abilities, Weirdness & Mutations

You are resistant to torment.
Your stone body is resilient. (AC +4)
You are immune to poison.
You resist negative energy. (rN+)
You are resistant to electric shocks. (rElec)
You can survive without breathing.
You are immune to petrification.
You are immune to rotting.
Your large and strong wings let you fly indefinitely.
You are covered in fur. (AC +1)


Message History

Found a leather armour.
JeffiDaFish's ghost points at you and mumbles some strange words.
The sting hits you! You resist.
JeffiDaFish's ghost points at you and mumbles some strange words.
The sting hits you! You resist.
Sigmund the Dreaded comes into view.
He is wielding a scythe.
Sigmund shouts!
Sigmund points at you and mumbles some strange words.
The puff of flame hits you!
* * * LOW HITPOINT WARNING * * *
You fade into invisibility!
You are very lightly contaminated with residual magic.
Level annotation: Grinder; JeffiDaFish's ghost, amateur GrVM; Sigmund Welcome back, JeffiDaFish the Gargoyle Venom Mage.
Press ? for a list of commands and other information.
Sigmund misses you.
Found a whip.
Sigmund gestures at you while chanting. The magic dart hits you!
You die...

#.....#o#
.....##.# ###.#
#l##### ##
#o...o# #####W# #
#.# ###.# #.#
#)....#########.#
......@@..Wl.ol.#
#......########.#
#...... #.#
#...... ..[
#####.( #.#. #..
.###. ##. # .. #.
.#


You could see Sigmund, JeffiDaFish's ghost, an orc and 2 frilled lizards.

Vanquished Creatures
  Jessica (D:2)
  3 adders
  2 oozes
  3 worms (D:2)
  2 dart slugs
  2 leopard geckos
  4 bats
  5 giant cockroaches
  3 hobgoblins (D:1)
  10 jackals
  5 frilled lizards
  7 goblins
  5 kobolds (D:1)
  3 rats
55 creatures vanquished.

Notes
Turn   | Place    | Note
-------+----------+-------------------------------------------
     0 | D:1      | JeffiDaFish the Gargoyle Venom Mage began the quest for the Orb.
     0 | D:1      | Reached XP level 1. HP: 10/10 MP: 3/3
   140 | D:1      | Gained mutation: You are covered in fur. (AC +1) [potion of mutation]
   140 | D:1      | Gained mutation: Your large and strong wings let you fly indefinitely. [potion of mutation]
   216 | D:1      | Reached XP level 2. HP: 15/15 MP: 1/5
   330 | D:1      | Learned a level 2 spell: Poisonous Vapours
   869 | D:1      | Reached XP level 3. HP: 19/19 MP: 3/6
  1229 | D:2      | Learned a level 3 spell: Mephitic Cloud
  1472 | D:2      | Reached XP level 4. HP: 24/24 MP: 5/8
  1855 | D:3      | Noticed Grinder
  1889 | D:3      | Noticed Jessica
  1896 | D:2      | Killed Jessica
  1974 | D:3      | Reached skill level 1 in Fighting
  1986 | D:3      | Reached XP level 5. HP: 27/29 MP: 6/9
  2072 | D:3      | Noticed JeffiDaFish's ghost (amateur GrVM)
  2164 | D:3      | Noticed Sigmund
  2169 | D:3      | Killed from afar by Sigmund

Vault maps used:
D:1:      minmay_arrival_floating_metal
D:3:      lemuel_round_altar, minmay_misc_feat_tower, uniq_grinder,
          uniq_jessica, uniq_sigmund

Skill      XL: |  1  2  3  4 |
---------------+-------------+-----
Fighting       | 1 |  1.0
Conjurations   | 2 |  2.1
Maces & Flails | |  0.2
Polearms       | |  0.3
Armour         | |  0.7
Dodging        | |  1.7
Stealth        | |  2.3
Spellcasting   | |  2.9
Air Magic      | |  0.7
Poison Magic   | |  3.9

Action                   |  1- 3 |  4- 6 || total
-------------------------+-------+-------++-------
Melee: Spear             |    58 |     7 ||    65
       Whip              |       |   123 ||   123
 Cast: Sting             |    13 |       ||    13
       Poisonous Vapours |    14 |     5 ||    19
       Mephitic Cloud    |       |     1 ||     1
 Abil: Fly               |     1 |       ||     1
  Use: Potion            |     6 |     1 ||     7
       Scroll            |     6 |     3 ||     9
 Stab: Sleeping          |     1 |       ||     1
  Eat: Chunk             |     3 |     3 ||     6
Armor: Robe              |     4 |       ||     4
       Leather armour    |     8 |    92 ||   100
Dodge: Dodged            |    31 |    88 ||   119
